 Dungeon Crawl Stone Soup version 0.31-a0-841-g038b102fc3 (webtiles) character file.

Game seed: 426826453668936548

170173 Dirtsage the Severer (level 17, -4/136 HPs)
             Began as a Demonspawn Berserker on Sept 27, 2023.
             Was the Champion of Trog.
             Incinerated by a deep elf pyromancer (13 damage)
             ... with a sticky flame
             ... on level 1 of the Elven Halls on Sept 28, 2023.
             The game lasted 01:06:33 (25711 turns).

Dirtsage the Severer (Demonspawn Berserker)        Turns: 25711, Time: 01:06:33

Health: -4/136     AC: 36    Str: 25    XL:     17   Next: 11%
Magic:  8/8        EV:  7    Int: 11    God:    Trog [******]
Gold:   2283       SH: 16    Dex: 14    Spells: 16/16 levels left

rFire   . . .        T - +5 broad axe (antimagic)
rCold   + + +        M - +3 kite shield {rC+}
rNeg    + . .        R - +8 orange crystal plate armour {Archmagi, Int+3 Clar}
rPois   .            Z - +0 hat
rElec   .            (cloak unavailable)
rCorr   .            S - +0 pair of gloves of the Dozen Portals {Will+ MP+9}
SInv    .            P - +1 pair of boots {Stlth+}
Will    ++++.        b - amulet "Dopiluschi" {rC+ rN+ Regen+ Slay+3} Stlth
                     r - ring of flight
HPRegen 2.22/turn    p - +4 ring of slaying
MPRegen 0.11/turn

%: clarity, archmagi
@: on fire, about to teleport, strong-willed, on berserk cooldown, flying,
regenerating, slowed, glowing, very slow
A: icy blue scales 3, foul stench 1, spiny 2, corrupting presence 2, weakness
stinger 3
}: 1/15 runes: barnacled
a: Renounce Religion, Berserk, Trog's Hand, Brothers in Arms


You were on level 1 of the Elven Halls.
You worshipped Trog.
Trog was exalted by your worship.
You visited 6 branches of the dungeon, and saw 25 of its levels.
You also visited: Sewer, Bailey, Ice Cave and Volcano.

You collected 3179 gold pieces.
You spent 896 gold pieces at shops.

Inventory:

Hand Weapons
 z - a +6 broad axe of flaming
 T - a +5 antimagic broad axe (weapon)
Missiles
 e - 6 throwing nets
 u - 3 curare-tipped darts
Armour
 M - a +3 kite shield of cold resistance (worn)
 P - a +1 pair of boots of stealth (worn)
 R - the +8 orange crystal plate armour (worn) {Archmagi, Int+3 Clar}
   (You found it on level 5 of the Lair of Beasts)

   Int+3:     It affects your intelligence (+3).
   Clar:      It protects you from confusion, rage, mesmerisation and fear.
 S - the +0 pair of gloves of the Dozen Portals (worn) {Will+ MP+9}
   (You found it on level 1 of the Shoals)

   Will+:     It increases your willpower.
   MP+9:      It affects your magic capacity (+9).
 Z - a +0 hat (worn)
Jewellery
 b - the amulet "Dopiluschi" (around neck) {rC+ rN+ Regen+ Slay+3}
   (You acquired it on level 2 of the Lair of Beasts)

   [amulet of regeneration]

   Slay+3:    It affects your accuracy & damage with ranged weapons and melee
   (+3).
   rC+:       It protects you from cold.
   rN+:       It protects you from negative energy.
   Regen+:    It increases your rate of health regeneration.
 f - a +5 ring of evasion
 p - a +4 ring of slaying (right hand)
 r - a ring of flight (left hand)
 I - the macabre finger necklace {Finger+ rN+}
   (You found it on level 1 of the Lair of Beasts)

   [amulet of nothing]

   Finger+:   It enables you to equip an extra ring.
   rN+:       It protects you from negative energy.
 U - a ring of willpower
 V - the ring "Huudiunn" {rN+ Str+3 Dex+6}
   (You found it on level 1 of the Shoals)

   [ring of dexterity]

   Str+3:     It affects your strength (+3).
   Dex+6:     It affects your dexterity (+6).
   rN+:       It protects you from negative energy.
 W - a ring of wizardry
 X - a ring of ice
Talismans
 o - a granite talisman
Wands
 s - a wand of roots (3)
 A - a wand of flame (103)
 D - a wand of digging (5)
Scrolls
 g - 6 scrolls of fear
 i - a scroll of identify
 m - 3 scrolls of fog
 t - 10 scrolls of teleportation
 v - 2 scrolls of summoning
 y - 3 scrolls of enchant weapon
 B - a scroll of blinking
 C - 3 scrolls of amnesia
 F - 2 scrolls of enchant armour
 H - 3 scrolls of torment
 J - 3 scrolls of immolation
 K - a scroll of revelation
 L - a scroll of poison
 N - 3 scrolls of vulnerability
 O - 5 scrolls of noise
Potions
 c - 7 potions of mutation
 d - 3 potions of might
 h - 3 potions of haste
 j - 4 potions of berserk rage
 k - 2 potions of cancellation
 l - 5 potions of heal wounds
 n - 2 potions of resistance
 q - 9 potions of curing
 x - a potion of lignification
 E - a potion of ambrosia
 G - 6 potions of enlightenment
 Q - 2 potions of attraction
 Y - a potion of brilliance
Miscellaneous
 a - a condenser vane
 w - a phantom mirror


   Skills:
 - Level 13.1 Fighting
 - Level 18.0 Axes
 - Level 9.9 Armour
 - Level 6.9 Dodging
 - Level 13.5 Shields
 - Level 8.0 Evocations
 + Level 5.5 Shapeshifting


You had 16 spell levels left.
You didn't know any spells.
Your spell library contained the following spells:

 Spells                   Type           Power      Damage    Failure   Level
 Magic Dart               Conj           0%         1d3       100%        1
 Necrotise                Necr           0%         1d4       100%        1
 Shock                    Conj/Air       0%         1d3       100%        1
 Call Imp                 Summ           0%         N/A       100%        2
 Ensorcelled Hibernation  Hex/Ice        0%         N/A       100%        2
 Jinxbite                 Hex            0%         N/A       100%        2
 Passwall                 Tmut/Erth      0%         N/A       100%        2
 Dazzling Flash           Conj/Hex       0%         N/A       100%        3
 Frozen Ramparts          Ice            0%         1d1       100%        3
 Ignite Poison            Fire/Tmut/Pois 0%         N/A       100%        3
 Mephitic Cloud           Conj/Pois/Air  0%         N/A       100%        3
 Summon Guardian Golem    Hex/Summ       0%         N/A       100%        3
 Swiftness                Air            0%         N/A       100%        3
 Tukima's Dance           Hex            0%         N/A       100%        3
 Vampiric Draining        Necr           0%         2d6       100%        3
 Airstrike                Air            0%         2d(0-16)  100%        4
 Anguish                  Hex/Necr       0%         N/A       100%        4
 Cause Fear               Hex            0%         N/A       100%        4
 Dimensional Bullseye     Hex/Tloc       0%         N/A       100%        4
 Fulminant Prism          Conj/Hex       0%         3d5       100%        4
 Iskenderun's Mystic Bla  Conj/Tloc      0%         2d3       100%        4
 Passage of Golubria      Tloc           0%         N/A       100%        4
 Petrify                  Tmut/Erth      0%         N/A       100%        4
 Sticky Flame             Conj/Fire      0%         2d3       100%        4
 Agony                    Necr           0%         N/A       100%        5
 Fireball                 Conj/Fire      0%         3d3       100%        5
 Metabolic Englaciation   Hex/Ice        0%         N/A       100%        5
 Yara's Violent Unravell  Hex/Tmut       0%         3d3       100%        5
 Simulacrum               Ice/Necr       0%         N/A       100%        6
 Ozocubu's Refrigeration  Ice            0%         4d7       100%        7
 Ignition                 Fire           0%         3d3       100%        8
 Dragon's Call            Summ           0%         N/A       100%        9
 Polar Vortex             Ice            0%         N/A       100%        9


Dungeon Overview and Level Annotations

Branches:
Dungeon (12/15)            Temple (1/1) D:6            Lair (5/5) D:8
 Shoals (4/4) Lair:2       Spider (0/4) Lair:3        Slime (0/5) Lair:4
    Orc (2/2) D:11            Elf (1/3) Orc:2         Sewer (visited)
 Bailey (visited)           IceCv (visited)         Volcano (visited)

Altars:
Ashenzari
Cheibriados
Dithmenos
Fedhas
Gozag
Hepliaklqana
Kikubaaqudgha
Makhleb
Nemelex Xobeh
Okawaru
Qazlal
Ru
Sif Muna
Trog
Uskayaw
Vehumet
Wu Jian
Xom
Yredelemnul
Lugonu

Shops:
D:1 (   D:11 !   D:12 *:(*   Orc:2 ([([   Shoals:2 !   Shoals:3 *

Portals:
Hell: Lair:5
Abyss: D:3
Trove: D:11 (give 19 potions of curing)


Innate Abilities, Weirdness & Mutations

You are completely covered in icy blue scales. (AC +4, rC+)
You may rarely emit foul miasma when damaged in melee.
You are mostly covered in sharp spines.
Your presence sometimes corrodes or deforms those you injure.
You have a sharp stinger which inflicts weakening toxins.


Message History

Your surroundings suddenly seem different. 8 elves and a +2 long sword of protection come into view.
A deep elf knight is wielding a +1 vampiric long sword.
The deep elf archer shouts!
The deep elf zephyrmancer shouts!
The deep elf knight shouts! x2; The deep elf pyromancer shouts!
The deep elf knight shouts! x3
The deep elf knight unwields a +0 long sword.
The deep elf knight wields a +0 longbow.
The deep elf knight shoots an arrow.
You block the arrow.
A deep elf archer comes into view. It is wielding a +0 short sword.
The deep elf knight casts a spell.
The deep elf knight seems to speed up.
The deep elf archer shouts!
You hear a shout!
You regained 3 hp, and now have 21/136 hp.
As you read the scroll of teleportation, it crumbles to dust.
You feel strangely unstable.
The deep elf knight gestures at you while chanting.
The shard of ice misses you.
The deep elf pyromancer casts a spell.
The deep elf pyromancer blinks!
The deep elf zephyrmancer casts a spell.
The deep elf zephyrmancer blinks!
The deep elf knight gestures at you while chanting.
The shard of ice hits you! You partially resist.
* * * LOW HITPOINT WARNING * * *
The deep elf knight casts a spell.
The deep elf knight flickers and vanishes!
The deep elf pyromancer casts a spell at you.
The sticky flame hits you but does no damage.
You are covered in liquid flames!
The deep elf knight casts a spell at you.
The lance of force hits you.
* * * LOW HITPOINT WARNING * * *
You are knocked back by the lance of force.
You slam into the translucent rock wall!
The deep elf knight casts a spell.
The deep elf knight flickers and vanishes!
You take 12 damage, and have 9/136 hp.
You are covered in liquid flames!
You die...

###§.#..# #.##
...e###.####... .
...ee#...........
.........#..{ .#
# ..........#e..#
# ...e......§#.#
## ?.........{..#
#. ...........#.#
##. .......e@.##
#..
.........##(..#
#.#
....#...##.....#
#..
...###.##.......#
##.
#...##.#.e.......
#. ..
............ ## .
............. ##
....?.[...... #.
##.


You could see 2 deep elf archers, 3 deep elf knights, a deep elf pyromancer, a
deep elf zephyrmancer and a +2 long sword of protection.

Vanquished Creatures
  Saint Roka (Orc:2)
  A kraken (Shoals:4)
  Polyphemus (Shoals:3)
  Ilsuiw (Shoals:3)
  Aizul (Shoals:4)
  Roxanne (Shoals:4)
  Donald (Shoals:4)
  A frost giant (Shoals:4)
  A reaper (IceCv)
  A deep elf demonologist (Elf:1)
  A fire dragon (Volcano)
  8 merfolk javelineers
  6 merfolk impalers
  Fannar (D:12)
  3 hydras
  4 merfolk avatars
  2 catoblepae
  3 two-headed ogres
  An alligator snapping turtle (Shoals:4)
  A hell hog (Volcano)
  8 death yaks
  7 dancing weapons (Elf:1)
  7 merfolk aquamancers
  2 satyrs
  A sun demon (Lair:5)
  3 orc high priests
  6 deep elf knights (Elf:1)
  6 skysharks
  11 sea snakes
  4 deep elf archers (Elf:1)
  An orange crystal statue (Shoals:1)
  Pikel (D:4)
  4 lindwurms (Lair:3)
  20 harpies
  2 orc knights
  A wizard (Lair:5)
  3 deep elf pyromancers
  3 orc sorcerers
  14 fauns
  9 cyclopes
  9 deep elf zephyrmancers (Elf:1)
  4 elephants (Lair:5)
  15 manticores
  An ice statue (IceCv)
  10 water nymphs
  13 merfolk sirens
  2 molten gargoyles (Volcano)
  An orange demon (Lair:5)
  A torpor snail (Lair:5)
  A gargoyle (D:11)
  13 cane toads
  3 unseen horrors
  Psyche (D:11)
  8 rime drakes
  3 kobold demonologists (D:10)
  13 komodo dragons
  2 anaconda simulacra (IceCv)
  3 ice devils (Lair:5)
  2 red devils (Lair:5)
  24 merfolk
  A hellwing (Lair:5)
  A hornet (D:9)
  2 polar bears
  3 trolls
  7 wind drakes
  5 blink frogs
  11 snapping turtles
  6 dream sheep (Shoals:4)
  Sigmund (D:2)
  2 shadows
  A vampire (D:9)
  25 yaks
  5 wyverns
  3 air elementals (Elf:1)
  14 water elementals
  3 basilisks
  9 fire bats (Volcano)
  2 fire elementals (Elf:1)
  2 death yak simulacra (IceCv)
  A harpy simulacrum (IceCv)
  2 steam dragons
  6 vampire mosquitoes (D:12)
  4 wargs
  14 water moccasins
  4 hell hounds
  2 acid dragons
  36 orc warriors
  5 sky beasts
  9 ogres
  3 ice beasts (D:7)
  18 wolves
  15 centaurs
  3 phantoms
  4 lemures (D:4)
  3 kobold brigands
  Blork the orc (D:6)
  12 bullfrogs
  3 scorpions
  2 cane toad simulacra (IceCv)
  5 two-headed ogre simulacra (IceCv)
  6 wights (D:9)
  6 killer bees (D:11)
  4 elephant simulacra (IceCv)
  2 howler monkeys (D:11)
  4 electric eels
  6 jellies
  6 lava snakes
  26 orc priests
  4 hounds
  Crazy Yiuf (D:2)
  A gnoll bouda (D:5)
  15 orc wizards
  5 iguanas
  5 troll simulacra (IceCv)
  7 spriggan simulacra (IceCv)
  3 polar bear simulacra (IceCv)
  4 wolf simulacra (IceCv)
  A mummy (D:4)
  8 gnolls
  3 river rats (Sewer)
  20 adders
  3 naga simulacra (IceCv)
  A shadow imp (D:7)
  4 white imps
  11 ufetubi
  6 worms
  4 dart slugs
  81 orcs
  11 bats
  5 endoplasms
  5 giant cockroaches
  10 goblins
  5 hobgoblins
  2 jackals (Sewer)
  8 quokkas
  14 ball pythons
  10 frilled lizards
  A hobgoblin zombie (D:4)
  27 kobolds
  2 kobold zombies (D:4)
  An orc zombie (D:4)
  10 rats
895 creatures vanquished.

Vanquished Creatures (collateral kills)
  A merfolk javelineer (Shoals:4)
  A merfolk avatar (Shoals:1)
  A merfolk siren (Shoals:1)
  2 water nymphs
  A warg (Orc:2)
  4 orc warriors (Orc:2)
  2 orc priests (Orc:2)
  An orc wizard (Orc:2)
  5 orcs (Orc:2)
18 creatures vanquished.

Vanquished Creatures (others)
  A death yak (Shoals:3)
  4 tentacles (Shoals:4)
5 creatures vanquished.

Grand Total: 918 creatures vanquished

Notes
Turn   | Place    | Note
-------+----------+-------------------------------------------
     0 | D:1      | Dirtsage the Demonspawn Berserker began the quest for the
                  | Orb.
     0 | D:1      | Reached XP level 1. HP: 18/18 MP: 1/1
   162 | D:1      | Reached skill level 3 in Axes
   217 | D:1      | Gained mutation: You may rarely emit foul miasma when
                  | damaged in melee. [demonic ancestry]
   217 | D:1      | Reached XP level 2. HP: 22/24 MP: 2/2
   418 | D:1      | Found Subemm's Weapon Shop.
   618 | D:2      | Reached XP level 3. HP: 19/29 MP: 3/3
   816 | D:2      | Reached skill level 4 in Axes
   909 | D:2      | Noticed Sigmund
   914 | D:2      | Reached ** piety under Trog
   922 | D:2      | Killed Sigmund
   923 | D:2      | Reached skill level 5 in Axes
   923 | D:2      | Gained mutation: You are partially covered in sharp spines.
                  | [demonic ancestry]
   923 | D:2      | Reached XP level 4. HP: 22/35 MP: 4/4
   923 | D:2      | Gained mutation: You are partially covered in icy blue
                  | scales. (AC +2) [demonic ancestry]
   923 | D:2      | Reached XP level 5. HP: 26/41 MP: 5/5
  1175 | D:2      | Found a runed translucent door.
  1176 | D:2      | Noticed Crazy Yiuf
  1182 | D:2      | Killed Crazy Yiuf
  1267 | D:2      | Found a broken altar of Ashenzari.
  1339 | D:2      | Reached skill level 6 in Axes
  1355 | D:2      | Gained mutation: You are mostly covered in icy blue scales.
                  | (AC +3) [demonic ancestry]
  1355 | D:2      | Reached XP level 6. HP: 16/47 MP: 6/6
  1512 | D:2      | Found a faded altar of an unknown god.
  2115 | D:3      | Noticed an angel
  2131 | D:3      | Found a basalt altar of Yredelemnul.
  2176 | D:3      | Found a large runed translucent door.
  2176 | D:3      | Found a large runed translucent door.
  2451 | D:3      | Found a one-way gate to the infinite horrors of the Abyss.
  2760 | D:3      | Found a corrupted altar of Lugonu.
  3138 | D:4      | Noticed Pikel
  3153 | D:4      | Killed Pikel
  3154 | D:4      | Reached skill level 8 in Axes
  3154 | D:4      | Gained mutation: You have a small tail. [demonic ancestry]
  3154 | D:4      | Reached XP level 7. HP: 41/52 MP: 7/7
  3430 | D:5      | Entered Level 5 of the Dungeon
  3544 | D:5      | Reached skill level 9 in Axes
  3544 | D:5      | Gained mutation: You have a tail ending in a sharp stinger.
                  | [demonic ancestry]
  3544 | D:5      | Reached XP level 8. HP: 58/58 MP: 8/8
  3961 | D:6      | Reached *** piety under Trog
  3962 | D:6      | Reached skill level 10 in Axes
  3968 | D:6      | Noticed a cyclops
  3969 | D:6      | Noticed a komodo dragon
  3979 | D:6      | Killed a komodo dragon
  3980 | D:6      | Reached skill level 11 in Axes
  3981 | D:6      | Gained mutation: You are completely covered in icy blue
                  | scales. (AC +4, rC+) [demonic ancestry]
  3981 | D:6      | Reached XP level 9. HP: 34/63 MP: 9/9
  3985 | D:6      | Killed a cyclops
  3991 | D:6      | Reached skill level 12 in Axes
  4304 | D:6      | Found a staircase to the Ecumenical Temple.
  4313 | Temple   | Entered the Ecumenical Temple
  4344 | D:6      | Noticed Blork the orc
  4358 | D:6      | Killed Blork the orc
  4419 | D:6      | Found a glowing drain.
  4427 | Sewer    | Entered a sewer
  4691 | Sewer    | Reached **** piety under Trog
  5149 | D:6      | Found an ornate altar of the Wu Jian Council.
  5204 | D:6      | Found a sacrificial altar of Ru.
  5205 | D:6      | Found a radiant altar of Vehumet.
  5541 | D:7      | Reached skill level 13 in Axes
  5548 | D:7      | Found a blossoming altar of Fedhas.
  5684 | D:7      | Found a snail-covered altar of Cheibriados.
  5794 | D:7      | Reached skill level 1 in Shields
  5803 | D:7      | Found a shadowy altar of Dithmenos.
  5969 | D:7      | Gained mutation: You have a sharp stinger which inflicts
                  | weakening toxins. [demonic ancestry]
  5969 | D:7      | Reached XP level 10. HP: 70/70 MP: 10/10
  6660 | D:8      | Found a staircase to the Lair.
  6816 | D:8      | Found a flagged portal.
  6826 | Bailey   | Entered a bailey
  7048 | Bailey   | Identified the +1 pair of gloves of Suut {Rampage Dex+3
                  | Slay-6 Stlth+}
  7216 | Bailey   | Reached ***** piety under Trog
  7868 | D:9      | Found a sparkling altar of Nemelex Xobeh.
  7971 | D:9      | Found an opulent altar of Gozag.
  8263 | D:9      | Noticed a two-headed ogre
  8273 | D:9      | Killed a two-headed ogre
  8274 | D:9      | Reached skill level 5 in Fighting
  8274 | D:9      | Reached skill level 14 in Axes
  8415 | D:9      | Found an iron altar of Okawaru.
  8416 | D:9      | Found a stormy altar of Qazlal.
  8416 | D:9      | Found a bloodstained altar of Trog.
  8798 | D:10     | Entered Level 10 of the Dungeon
  8833 | D:10     | Reached XP level 11. HP: 75/80 MP: 11/11
  9464 | D:10     | Noticed a sun demon
  9935 | D:11     | Noticed Psyche
  9942 | D:11     | Reached skill level 5 in Armour
  9953 | D:11     | Killed Psyche
  9953 | D:11     | Received a gift from Trog
  9954 | D:11     | HP: 6/121 [poisoned by Psyche]
  9959 | D:11     | HP: 2/81 [poisoned by Psyche]
 10465 | D:11     | Found Macid's Distillery.
 10466 | D:11     | Saving game... please wait.
 10614 | D:11     | Found a portal to a secret trove of treasure.
 11078 | D:11     | Found a staircase to the Orcish Mines.
 11143 | D:12     | Found Hyug's General Store.
 11186 | D:12     | Reached skill level 5 in Shields
 11265 | D:12     | Noticed a two-headed ogre
 11272 | D:12     | Killed a two-headed ogre
 11466 | D:12     | Noticed Fannar
 11476 | D:12     | Killed Fannar
 11477 | D:12     | Reached skill level 15 in Axes
 11625 | D:12     | Found Hoamacuh's Book Shoppe.
 11665 | D:12     | Reached XP level 12. HP: 81/91 MP: 12/12
 11706 | D:12     | Found Weocah's Antique Weapon Emporium.
 11790 | D:12     | Noticed a two-headed ogre
 11796 | D:12     | Killed a two-headed ogre
 12180 | D:12     | Found Gitant's General Store.
 12184 | D:12     | Bought a condenser vane for 440 gold pieces
 12334 | Lair:1   | Entered Level 1 of the Lair of Beasts
 12386 | Lair:1   | Found the macabre finger necklace {Finger+ rN+}
 12552 | Lair:1   | Identified the +2 trident of Friendship {pain, +Blink Fly
                  | Int+3}
 13590 | Lair:2   | Found a frozen archway.
 13612 | Lair:2   | Identified a scroll of acquirement
 13615 | Lair:2   | Acquired the amulet "Dopiluschi" {rC+ rN+ Regen+ Slay+3}
 13656 | IceCv    | Entered an ice cave
 13933 | IceCv    | Reached ****** piety under Trog
 14076 | IceCv    | Noticed a reaper
 14090 | IceCv    | Killed a reaper
 14091 | IceCv    | Reached skill level 16 in Axes
 14249 | Lair:2   | Noticed a catoblepas
 14252 | Lair:2   | Found a staircase to the Shoals.
 14271 | Lair:2   | Killed a catoblepas
 14854 | Lair:3   | Reached XP level 13. HP: 99/99 MP: 13/13
 14886 | Lair:3   | Found a hole to the Spider Nest.
 15610 | Lair:4   | Received a gift from Trog
 15886 | Lair:4   | Found a staircase to the Slime Pits.
 16458 | Lair:5   | Entered Level 5 of the Lair of Beasts
 16543 | Lair:5   | Found a dark tunnel.
 16553 | Volcano  | Entered a volcano
 16822 | Volcano  | Found a radiant altar of Vehumet.
 16825 | Volcano  | Reached skill level 17 in Axes
 16871 | Volcano  | Noticed a fire dragon
 16878 | Volcano  | Killed a fire dragon
 17316 | Lair:5   | Gained mutation: You are mostly covered in sharp spines.
                  | [demonic ancestry]
 17316 | Lair:5   | Reached XP level 14. HP: 93/109 MP: 14/14
 17521 | Lair:5   | Reached skill level 10 in Fighting
 17951 | Lair:5   | Found a burning altar of Makhleb.
 17959 | Lair:5   | Received a gift from Trog
 17970 | Lair:5   | Found a gateway to Hell.
 17970 | Lair:5   | Found the +8 orange crystal plate armour {Archmagi, Int+3
                  | Clar}
 18575 | Orc:1    | Entered Level 1 of the Orcish Mines
 18918 | Orc:2    | Entered Level 2 of the Orcish Mines
 19014 | Orc:2    | Received a gift from Trog
 19132 | Orc:2    | Found Xuotrer's Antique Armour Shop.
 19187 | Orc:2    | Reached skill level 18 in Axes
 19419 | Orc:2    | Found Jolol's Weapon Shoppe.
 19495 | Orc:2    | Found a staircase to the Elven Halls.
 19628 | Orc:2    | Noticed Saint Roka
 19718 | Orc:2    | Killed Saint Roka
 19742 | Orc:2    | Found Iplust's Antique Armour Boutique.
 19769 | Orc:2    | Found Serchojio's Antique Weapon Shop.
 20093 | D:12     | Bought a ring of flight for 192 gold pieces
 20483 | Shoals:1 | Entered Level 1 of the Shoals
 20489 | Shoals:1 | Received a gift from Trog
 20491 | Shoals:1 | Reached skill level 1 in Evocations
 20674 | Shoals:1 | Reached skill level 10 in Shields
 20736 | Shoals:1 | Gained mutation: Your presence sometimes corrodes those you
                  | injure. [demonic ancestry]
 20736 | Shoals:1 | Reached XP level 15. HP: 119/119 MP: 5/15
 20762 | Shoals:1 | Found a transporter.
 20789 | Shoals:1 | Found a transporter.
 21501 | Shoals:1 | Identified the +0 pair of gloves of the Dozen Portals
                  | {Will+ MP+9}
 21520 | Shoals:1 | Got a tattered book
 21526 | Shoals:1 | Identified the ring "Huudiunn" {rN+ Str+3 Dex+6}
 21573 | Shoals:2 | Reached skill level 5 in Evocations
 21583 | Shoals:2 | Found Dagiom's Distillery.
 21598 | Shoals:2 | Bought a potion of cancellation for 96 gold pieces
 21598 | Shoals:2 | Bought a potion of brilliance for 48 gold pieces
 21598 | Shoals:2 | Bought a potion of haste for 120 gold pieces
 21790 | Shoals:2 | Received a gift from Trog
 22800 | Shoals:3 | Noticed Ilsuiw
 22823 | Shoals:3 | Killed Ilsuiw
 22960 | Shoals:3 | Noticed Polyphemus
 22982 | Shoals:3 | Reached XP level 16. HP: 86/127 MP: 8/16
 22983 | Shoals:3 | Killed Polyphemus
 22984 | Shoals:3 | Reached skill level 5 in Dodging
 23280 | Shoals:3 | Found Diolya Xaomo's Overcharged Wands.
 23464 | Shoals:4 | Entered Level 4 of the Shoals
 23569 | Shoals:4 | Noticed Roxanne
 23587 | Shoals:4 | Killed Roxanne
 23598 | Shoals:4 | Noticed Aizul
 23612 | Shoals:4 | Killed Aizul
 23628 | Shoals:4 | HP: 2/128 [water nymph/the raging water (24)]
 23909 | Shoals:4 | Noticed Donald
 24048 | Shoals:4 | Killed Donald
 24117 | Shoals:4 | Got a barnacled rune of Zot
 24167 | Shoals:4 | Received a gift from Trog
 24368 | Shoals:4 | Identified the +5 long sword "Vutufoni" {vamp, *Corrode
                  | *Slow Fly Int+8}
 24868 | Shoals:4 | Noticed a kraken
 24880 | Shoals:4 | Killed a kraken
 25115 | Shoals:4 | Saving game... please wait.
 25439 | Elf:1    | Entered Level 1 of the Elven Halls
 25451 | Elf:1    | Reached skill level 1 in Shapeshifting
 25456 | Elf:1    | Found a radiant altar of Vehumet.
 25552 | Elf:1    | Received a gift from Trog
 25593 | Elf:1    | Paralysed by an air elemental for 1 turns
 25598 | Elf:1    | Gained mutation: Your presence sometimes corrodes or
                  | deforms those you injure. [demonic ancestry]
 25598 | Elf:1    | Reached XP level 17. HP: 105/136 MP: 8/17
 25604 | Elf:1    | Paralysed by an air elemental for 1 turns
 25606 | Elf:1    | Paralysed by an air elemental for 1 turns
 25635 | Elf:1    | Paralysed by an air elemental for 1 turns
 25676 | Elf:1    | HP: 10/204 [deep elf zephyrmancer/bolt of lightning (26)]
 25687 | Elf:1    | Reached skill level 5 in Shapeshifting
 25711 | Elf:1    | Incinerated by a deep elf pyromancer

Illustrated notes

Levels and vault maps discovered:
D:1:      dpeg_arrival_castle, layout_rooms, serial_shops, shop, minmay_ruptured
D:2:      layout_loops_corners, hellmonk_ecumenical_altar_heavens_door,
          basic_altar, hex_medium, grunt_ministairs_2, minmay_misc_feat_chi,
          kennysheep_generic_room_13, uniq_crazy_yiuf_cottage, uniq_sigmund
D:3:      due_chaos_kobolds, layout_loops_ring, grunt_temple_overflow_holy_war,
          elyvilon_altar_3, serial_rivers, chequers_serial_rivers_room_a,
          chequers_serial_rivers_large_b, chequers_serial_rivers_room_a,
          chequers_serial_rivers_marsh, kennysheep_generic_room_3
D:4:      layout_basic, minmay_mini_ossuary, uniq_pikel
D:5:      layout_gridville
D:6:      cheibrodos_fzero, layout_loops_ring, kennysheep_mini,
          gammafunk_temple_overflow_claw, temple_hall,
          lightli_sewer_entry_pipes, hangedman_decor_points, uniq_blork_the_orc
D:7:      layout_basic, lemuel_doored_altar, nicolae_overflow_crystal_walls,
          kennysheep_slug_shrine, serial_curves, eino_curves_02, eino_curves_03,
          eino_curves_02, eino_curves_04
D:8:      layout_basic, grunt_lair_entry_orc_guard_hut,
          nicolae_ossuary_entry_false_entrances, enter_bailey_3, nicolae_wwwww,
          david_defended_altar_orc
D:9:      layout_roguey, old_standard_altar,
          chequers_temple_overflow_statue_of_worship, nemelex_spade_bored_becter
D:10:     layout_irregular_city
D:11:     layout_roguey, erik_orc_2, enter_trove_6, serial_shops, shop,
          uniq_psyche
D:12:     layout_loops_ring, serial_shops, nicolae_shop_crystal,
          nicolae_shop_pleasant_corner_grove, nicolae_lakefront_shop,
          nicolae_diamond_shop, uniq_fannar
Temple:   nicolae_temple_ecumenical_triangle
Lair:1:   layout_layer_cave, grunt_megastairs_2, infiniplex_staircase_pool_2
Lair:2:   layout_cave_pods, nicolae_shoals_entry_roost, portal_ice_cave_rime
Lair:3:   statuecave_lemuel, layout_hall_layers, spider_nest_entry_web_field,
          nicolae_lair_lindhole, infiniplex_staircase_pool
Lair:4:   wander_river, layout_gridlike, nicolae_slime_entry_slimehenge
Lair:5:   evil_forest, layout_cellular_growth, nicolae_volcano_entry_hallway,
          minivault_27, grunt_megastairs_4
Shoals:1: gammafunk_sealed_arena, layout_shoals
Shoals:2: layout_shoals, serial_shops, shop
Shoals:3: layout_shoals, nicolae_shop_overcharged_wands, uniq_polyphemus,
          uniq_ilsuiw
Shoals:4: shoals_end_grunt_ice, layout_shoals, shoals_ilsuiw_alternative,
          uniq_roxanne, uniq_donald, uniq_aizul
Orc:1:    layout_caves
Orc:2:    grunt_orc_community_town_hall, layout_caves,
          grunt_orc_community_big_house_2, grunt_orc_community_big_house_2,
          grunt_orc_community_house_1, grunt_orc_community_house_2,
          grunt_orc_community_house_1, grunt_orc_community_house_1
Elf:1:    eino_elf_arrival_altar, layout_loops_corners, serial_shops,
          nicolae_square_shop, hangedman_elven_crosses_minicolossus

Skill      XL: |  1  2  3  4  5  6  7  8  9 10 11 12 13 14 15 16 17 |
---------------+----------------------------------------------------+-----
Axes           | 3 5 6 8 9 11 13 14 15 16 17 18 | 18.0
Armour         | 2 4 6 7 8 9 |  9.9
Shields        | 1 3 5 7 8 10 11 13 | 13.5
Fighting       | 5 7 8 9 11 12 13 | 13.1
Evocations     | 2 7 8 |  8.0
Dodging        | 2 4 6 |  6.9
Shapeshifting  | 4 5 |  5.5

Action                     |  1- 3 |  4- 6 |  7- 9 | 10-12 | 13-15 | 16-18 || total
---------------------------+-------+-------+-------+-------+-------+-------++-------
  Melee: Hand axe          |   126 |   115 |   222 |       |       |       ||   463
         Punch             |     1 |     3 |     1 |     5 |       |       ||    10
         Tailslap          |       |       |    32 |    77 |   137 |   102 ||   348
         War axe           |       |       |    48 |   251 |   297 |       ||   596
         Broad axe         |       |       |       |   276 |   464 |   431 ||  1171
         Unarmed           |       |       |       |    11 |       |       ||    11
 Invoke: Berserk           |     1 |     4 |     3 |     7 |    10 |     5 ||    30
         Trog's Hand       |       |       |     1 |     1 |     5 |     2 ||     9
         Brothers in Arms  |       |       |       |       |     4 |     1 ||     5
  Evoke: Condenser vane    |       |       |       |       |     1 |       ||     1
    Use: Scroll            |       |       |     1 |    12 |    14 |     5 ||    32
         Potion            |       |       |       |     1 |       |     2 ||     3
   Stab: Sleeping          |     1 |     1 |       |     1 |       |       ||     3
         Distracted        |     1 |       |       |       |       |       ||     1
         Petrified         |       |       |       |     3 |     8 |       ||    11
         Confused          |       |       |       |       |     1 |       ||     1
 Armour: Animal skin       |    54 |    39 |     6 |       |       |       ||    99
         Scale mail        |       |       |    85 |     8 |       |       ||    93
         Steam dragon scal |       |       |       |    80 |       |       ||    80
         Acid dragon scale |       |       |       |   209 |   201 |       ||   410
         Skin              |       |       |       |     9 |       |       ||     9
         Crystal plate arm |       |       |       |       |   448 |   345 ||   793
  Dodge: Dodged            |    86 |    70 |   128 |   338 |   247 |    63 ||   932
  Block: Other             |       |    10 |    53 |    90 |       |       ||   153
         Reflection        |       |       |     3 |    14 |       |       ||    17
         Kite shield       |       |       |       |     7 |   573 |   208 ||   788

Table legend: (Time is in decaauts)
 A = Elapsed time spent in this place.
 B = Non-inter-level travel time spent in this place.
 C = Inter-level travel time spent in this place.
 D = Time resting spent in this place.
 E = Time spent auto-exploring this place.
 F = Levels seen in this place.
 G = Mean time per level.
                   A        B        C        D        E       F      G
               +--------+--------+--------+--------+--------+-----+--------+
         Total |  25969 |  24033 |   1936 |   2006 |  17037 |  29 |  895.5 |
       Dungeon |  12169 |  11030 |   1139 |   1093 |   8073 |  12 | 1014.1 |
        Temple |      1 |      1 |      0 |      0 |      0 |   1 |    1.0 |
          Lair |   5014 |   4626 |    388 |    112 |   3577 |   5 | 1002.8 |
        Shoals |   4640 |   4439 |    201 |    501 |   2854 |   4 | 1160.0 |
  Orcish Mines |   1539 |   1334 |    205 |     74 |    996 |   2 |  769.5 |
   Elven Halls |    241 |    241 |      0 |      0 |     98 |   1 |  241.0 |
         Sewer |    708 |    708 |      0 |      0 |    554 |   1 |  708.0 |
        Bailey |    433 |    433 |      0 |     61 |    254 |   1 |  433.0 |
      Ice Cave |    554 |    554 |      0 |     53 |    322 |   1 |  554.0 |
       Volcano |    666 |    666 |      0 |    108 |    307 |   1 |  666.0 |
               +--------+--------+--------+--------+--------+-----+--------+

Top non-repeatable levels by time:
    D:11: 1753 daAuts
Shoals:4: 1647 daAuts
     D:2: 1329 daAuts
    D:12: 1310 daAuts
  Lair:5: 1283 daAuts
     D:9: 1106 daAuts
   Orc:2: 1103 daAuts
     D:8: 1080 daAuts
Shoals:1: 1075 daAuts
  Lair:2: 1036 daAuts
  Lair:1: 1027 daAuts
     D:3: 1010 daAuts
Shoals:3: 995 daAuts
    D:10: 987 daAuts
     D:6: 951 daAuts
